 Dungeon Crawl Stone Soup version 0.29.1-2-gbd0b4ee654 (webtiles) character file.

Game seed: 13931410822208882949

85 Avanven the Shooter (level 4, -1/38 HPs)
             Began as a Minotaur Hunter on Nov 5, 2022.
             Slain by Pikel
             ... wielding a +0 whip of flaming
              (2 damage)
             ... on level 3 of the Dungeon.
             The game lasted 00:05:59 (2779 turns).

Avanven the Shooter (Minotaur Hunter)               Turns: 2779, Time: 00:05:59

Health: -1/38      AC:  4    Str: 19    XL:     4   Next: 25%
Magic:  3/3        EV: 12    Int:  5    God:
Gold:   124        SH:  0    Dex: 15    Spells: 3/3 levels left

rFire   . . .      SeeInvis .   a - +1 shortbow
rCold   . . .      Faith    .   (shield currently unavailable)
rNeg    . . .      Spirit   .   c - +1 leather armour
rPois   .          Reflect  .   (helmet unavailable)
rElec   .          Harm     .   (no cloak)
rCorr   .          Rampage  .   (no gloves)
Will    .....      Clarity  +   (no boots)
Stlth   +.........              (no amulet)
HPRegen 0.12/turn               (no ring)
MPRegen 0.08/turn               (no ring)

@: about to teleport
A: horns 3, retaliatory headbutt, clarity, strong 1
a: no special abilities


You were on level 3 of the Dungeon.
You visited 1 branch of the dungeon, and saw 4 of its levels.

You collected 124 gold pieces.

Inventory:

Hand Weapons
 a - a +1 shortbow (weapon)
Armour
 c - a +1 leather armour (worn)
Jewellery
 e - a ring of willpower
Scrolls
 b - a scroll of immolation
 d - 3 scrolls of identify
Potions
 f - a potion of attraction
 h - a potion of magic
 l - a potion of brilliance


   Skills:
 - Level 3.3 Fighting
 + Level 0.0 Long Blades
 * Level 6.0 Ranged Weapons
 - Level 2.1 Dodging
 - Level 0.7 Stealth


You had 3 spell levels left.
You didn't know any spells.
Your spell library was empty.

Dungeon Overview and Level Annotations

Branches:
Dungeon (4/15)
 Temple: D:4-7

Altars:
Gozag
Kikubaaqudgha
Okawaru

Annotations:
D:3 Pikel


Innate Abilities, Weirdness & Mutations

You have a pair of large horns on your head.
You reflexively headbutt those who attack you in melee.
You possess an exceptional clarity of mind.
Your muscles are strong. (Str +4, Int/Dex -1)


Message History

HP restored.
You see here a +0 hand axe.
There is an open door here.
Found an iron altar of Okawaru.
Found a stone staircase leading down.
There is a faded altar of an unknown god here.
Okay, then.
Okay, then.
There's nothing to close nearby.
Unknown command.
Fire: a) +1 shortbow
Press: ? - help, Shift-Dir - straight line, f - you You aren't carrying any items that you can evoke.
Unknown command.
There is an open door here.
Okay, then.
Okay, then.
As you read the scroll of identify, it crumbles to dust.
h - a potion of magic
As you read the scroll of identify, it crumbles to dust.
l - a potion of brilliance
There is a stone staircase leading down here.
You climb downwards.
Level annotation: Pikel
There is a stone staircase leading up here.
The lemure hits you. Pikel barely misses you. The lemure hits you.
You climb upwards.
There is a stone staircase leading down here.
As you read the scroll of teleportation, it crumbles to dust.
You feel strangely unstable. The lemure hits you. x2
Pikel hits you with a +0 whip of flaming.
Pikel burns you. The lemure attacks as you move away!
The lemure barely misses you. The lemure hits you!
* * * LOW HITPOINT WARNING * * *
Pikel attacks as you move away!
Pikel hits you with a +0 whip of flaming.
* * * LOW HITPOINT WARNING * * *
Pikel burns you.
You die...

############
#..........##### #########
#..............###........
#..............'.'........
#..............###........
#......................##.
#.........................
#.......5@.........###.##.
#.......K5.........+......
##...####..........#..###.
#...# ####..............
##### #......#####....
#####...8.##...##.8.
#...#..).##⌠....##..
######...#...###.._...##.
##........#..##.#⌠......##


You could see Pikel and 2 lemures.

Vanquished Creatures
  A lemure (D:3)
  4 adders
  3 worms (D:2)
  3 orcs (D:3)
  6 endoplasms
  2 giant cockroaches
  3 goblins
  2 hobgoblins
  2 kobolds
  2 quokkas (D:1)
  3 ball pythons
  5 bats
  3 frilled lizards
39 creatures vanquished.

Notes
Turn   | Place    | Note
-------+----------+-------------------------------------------
     0 | D:1      | Avanven the Minotaur Hunter began the quest for the Orb.
     0 | D:1      | Reached XP level 1. HP: 18/18 MP: 0/0
   260 | D:1      | Found a faded altar of an unknown god.
   567 | D:1      | Reached XP level 2. HP: 25/25 MP: 1/1
   592 | D:1      | Reached skill level 5 in Ranged Weapons
   843 | D:1      | Gained mutation: Your muscles are strong. (Str +4, Int/Dex
                  | -1) [potion of mutation]
   843 | D:1      | Gained mutation: You possess an exceptional clarity of
                  | mind. [potion of mutation]
   843 | D:1      | Gained mutation: You have a pair of large horns on your
                  | head. [potion of mutation]
   860 | D:2      | Found an opulent altar of Gozag.
  1264 | D:2      | Reached XP level 3. HP: 30/30 MP: 2/2
  1675 | D:3      | Found an ancient bone altar of Kikubaaqudgha.
  1855 | D:3      | Found a faded altar of an unknown god.
  1989 | D:3      | Reached XP level 4. HP: 7/38 MP: 3/3
  1993 | D:3      | HP: 1/38 [poisoned by an adder]
  2334 | D:3      | Reached skill level 6 in Ranged Weapons
  2557 | D:4      | Noticed Pikel
  2557 | D:4      | Noticed a lemure
  2557 | D:4      | Noticed a lemure
  2557 | D:4      | Noticed a lemure
  2557 | D:4      | Noticed a lemure
  2601 | D:3      | Killed a lemure
  2715 | D:3      | Found an iron altar of Okawaru.
  2779 | D:3      | HP: 1/38 [Pikel/+0 whip of flaming (6)]
  2779 | D:3      | Slain by Pikel

Illustrated notes

Levels and vault maps discovered:
D:1:      psy_arrival_radial01, layout_loops_ring,
          nicolae_ecumenical_snake_handling
D:2:      layout_loops_ring, basic_altar
D:3:      layout_basic, nicolae_overflow_ecumenical_swirl,
          kiku_gazebo_pond_becter
D:4:      layout_gridville, minmay_temple_entry_waves,
          minmay_increasing_density, uniq_pikel, uniq_ijyb

Skill      XL: |  1  2  3  4 |
---------------+-------------+-----
Ranged Weapons | 5 6 |  6.0
Fighting       | 3 |  3.3
Dodging        | |  2.1
Stealth        | |  0.7

Action                   |  1- 3 |  4- 6 || total
-------------------------+-------+-------++-------
Melee: Shortbow          |     2 |       ||     2
 Fire: Shortbow          |    94 |    19 ||   113
  Use: Scroll            |     5 |     5 ||    10
       Potion            |     1 |     1 ||     2
Armor: Leather armour    |     7 |     2 ||     9
Dodge: Dodged            |    17 |    10 ||    27
